 Dungeon Crawl Stone Soup version 0.31-a0-859-g9dce7d3444 (console) character file.

Game seed: 3124848512156593609

1739847 questionabletactics the Merry Ant (level 26, 226/226 HPs)
             Began as a Formicid Hunter on Oct 9, 2023.
             Was the Champion of Ru.
             Escaped with the Orb
             ... and 3 runes on Oct 10, 2023!
             The game lasted 03:22:45 (64838 turns).

questionabletactics the Merry Ant (FoHu)           Turns: 64838, Time: 03:22:46

Health: 226/226    AC: 23    Str: 23    XL:     26
Magic:  23/23      EV: 41    Int: 10    God:    Ru [******]
Gold:   4895       SH: 29    Dex: 34    Spells: 25/25 levels left

rFire   + + .        b - +3 triple crossbow (heavy)
rCold   + . .        E - +2 tower shield of the Vacuum {*Corrode Regen+ Dex+3}
rNeg    + + +        z - +7 faerie dragon scales {rN+ rCorr Str+4}
rPois   +            (helmet unavailable)
rElec   .            H - +2 cloak of Fun and Games {rPois rN++ Dex+3}
rCorr   +            U - +2 pair of gloves of Bad Feelings {Regen+ Dex+3}
SInv    +            k - +1 pair of boots of Syndicalism {rC+ Int+3}
Will    ++++.        o - necklace of Bloodlust {Fury *Rage Will++ Int-3 Slay+6}
Stlth   +            l - ring "Pyuhue" {rF+ rN++ Slay+4}
HPRegen 2.17/turn    N - ring of protection from fire
MPRegen 0.18/turn

%: corrode self (3%)
@: no status effects
A: permanent stasis, dig shafts and tunnels, antennae 3, inability to read after
injury 2, hated by all, no air magic, no hexes magic, no necromancy magic,
unskilled 1, inexperienced 1, four strong arms, no forms, deterioration 1
0: Orb of Zot
}: 3/15 runes: barnacled, slimy, gossamer
a: Dig, Shaft Self, Renounce Religion, Draw Out Power, Power Leap, Apocalypse


You escaped.
You worshipped Ru.
Ru was exalted by your worship.
You visited 12 branches of the dungeon, and saw 55 of its levels.
You visited 1 bazaar.
You also visited: Trove, Sewer, Bailey, Gauntlet, Ice Cave, Volcano and Wizlab.

You collected 8511 gold pieces.
You spent 3616 gold pieces at shops.

Inventory:

Hand Weapons
 a - the +3 longbow "Fargheoll" {speed, Will+}
   (You subdued it in a wizard's laboratory)

   Will+:     It increases your willpower.
 b - a +3 heavy triple crossbow (weapon)
Missiles
 c - 5 throwing nets
 C - 26 curare-tipped darts
Armour
 k - the +1 pair of boots of Syndicalism (worn) {rC+ Int+3}
   (You acquired it on level 6 of the Dungeon)

   Int+3:     It affects your intelligence (+3).
   rC+:       It protects you from cold.
 z - the +7 faerie dragon scales (worn) {rN+ rCorr Str+4}
   (You took it off the Enchantress on level 1 of the Depths)

   Str+4:     It affects your strength (+4).
   rN+:       It protects you from negative energy.
   rCorr:     It protects you from acid and corrosion.
 E - the +2 tower shield of the Vacuum (worn) {*Corrode Regen+ Dex+3}
   (You acquired it on level 4 of the Lair of Beasts)

   Dex+3:     It affects your dexterity (+3).
   Regen+:    It increases your rate of health regeneration.
   *Corrode:  It may corrode you when you take damage.
 H - the +2 cloak of Fun and Games (worn) {rPois rN++ Dex+3}
   (You bought it in a shop on level 2 of the Depths)

   Dex+3:     It affects your dexterity (+3).
   rPois:     It protects you from poison rN++: It greatly protects you from
   negative energy.
 J - a +3 ring mail of fire resistance
 P - the +4 pair of boots of Reason {Rampage}
   (You found it on level 15 of the Dungeon)

   Rampage:   It bestows one free step when moving towards enemies.
 U - the +2 pair of gloves of Bad Feelings (worn) {Regen+ Dex+3}
   (You found it on level 1 of the Crypt)

   Dex+3:     It affects your dexterity (+3).
   Regen+:    It increases your rate of health regeneration.
Jewellery
 e - a +6 ring of dexterity
 l - the ring "Pyuhue" (left hand) {rF+ rN++ Slay+4}
   (You found it on level 5 of the Pits of Slime)

   [ring of slaying]

   Slay+4:    It affects your accuracy & damage with ranged weapons and melee
   (+4).
   rF+:       It protects you from fire.
   rN++:      It greatly protects you from negative energy.
 o - the necklace of Bloodlust (around neck) {Fury *Rage Will++ Int-3 Slay+6}
   (You found it on level 2 of the Shoals)

   [amulet of nothing]

   Fury:      It extends the wearer's berserk rage when killing foes.
   Int-3:     It affects your intelligence (-3).
   Slay+6:    It affects your accuracy & damage with ranged weapons and melee
   (+6).
   Will++:    It greatly increases your willpower.
   *Rage:     It berserks you when you make melee attacks (+50% chance).
 p - the ring "Esouziaf" {rElec EV+5 Int+2}
   (You found it on level 5 of the Pits of Slime)

   [ring of evasion]

   EV+5:      It affects your evasion (+5).
   Int+2:     It affects your intelligence (+2).
   rElec:     It insulates you from electricity.
 A - the ring "Udimuxzoss" {Fly rElec rN+}
   (You found it on level 3 of the Crypt)

   [ring of positive energy]

   rElec:     It insulates you from electricity.
   rN+:       It protects you from negative energy.
   Fly:       It grants you flight.
 F - the amulet "Nyhua" {Reflect rN+ Dex+2 SH+5}
   (You found it in a Gauntlet)

   [amulet of reflection]

   Reflect:   It reflects blocked missile attacks.
   Dex+2:     It affects your dexterity (+2).
   rN+:       It protects you from negative energy.
   SH+5:      It affects your SH (+5).
 G - the ring of the Priest {rC+ rN+ MP+9 Str+3 Dex+2}
   (You took it off an orc on level 3 of the Elven Halls)

   [ring of magical power]

   Str+3:     It affects your strength (+3).
   Dex+2:     It affects your dexterity (+2).
   rC+:       It protects you from cold.
   rN+:       It protects you from negative energy.
   MP+9:      It affects your magic capacity (+9).
 N - a ring of protection from fire (right hand)
 O - the ring of Wonder {rElec rPois rN+ Str-4 Dex+3}
   (You found it on level 3 of the Crypt)

   [ring of positive energy]

   Str-4:     It affects your strength (-4).
   Dex+3:     It affects your dexterity (+3).
   rElec:     It insulates you from electricity.
   rPois:     It protects you from poison rN+: It protects you from negative
   energy.
 S - the amulet of the Four Winds {rN+ Will+++ Clar}
   (You bought it in a shop on level 2 of the Orcish Mines)

   [amulet of nothing]

   rN+:       It protects you from negative energy.
   Will+++:   It greatly increases your willpower.
   Clar:      It protects you from confusion, rage, mesmerisation and fear.
Wands
 d - a wand of roots (42)
 s - a wand of light (30)
 B - a wand of polymorph (31)
 M - a wand of flame (95)
 T - a wand of digging (12)
Scrolls
 i - 7 scrolls of fear
 u - 10 scrolls of fog
 v - 5 scrolls of brand weapon
 y - 9 scrolls of enchant armour
 D - 2 scrolls of vulnerability
 Z - a scroll of silence
Potions
 f - 20 potions of curing
 h - 12 potions of might
 j - 9 potions of ambrosia
 m - 15 potions of heal wounds
 n - 5 potions of magic
 x - 13 potions of mutation
 I - 7 potions of attraction
 K - 6 potions of resistance
 Q - 8 potions of enlightenment
 R - 8 potions of invisibility
 Y - 3 potions of cancellation
Miscellaneous
 r - a lightning rod (4/4)
 L - a phial of floods


   Skills:
 + Level 22.7 Fighting
 O Level 27 Ranged Weapons
 - Level 6.4 Armour
 + Level 23.9 Dodging
 - Level 1.1 Stealth
 - Level 19.7 Shields
 - Level 7.8 Evocations


You had 25 spell levels left.
You didn't know any spells.
Your spell library contained the following spells:

 Spells                   Type           Power      Damage    Failure   Level
 Apportation              Tloc           0%         N/A       63%         1
 Foxfire                  Conj/Fire      0%         2x1d4     63%         1
 Freeze                   Ice            0%         1d3       63%         1
 Magic Dart               Conj           0%         1d3       63%         1
 Sandblast                Erth           0%         2d4       63%         1
 Lesser Beckoning         Tloc           0%         N/A       77%         2
 Momentum Strike          Conj/Tloc      0%         3d8       77%         2
 Wereblood                Tmut           0%         N/A       77%         2
 Frozen Ramparts          Ice            0%         1d1       94%         3
 Gell's Gravitas          Tloc           0%         N/A       94%         3
 Hailstorm                Conj/Ice       0%         3d3       94%         3
 Ignite Poison            Fire/Tmut/Pois 0%         N/A       94%         3
 Ozocubu's Armour         Ice            0%         N/A       94%         3
 Stone Arrow              Conj/Erth      0%         3d7       94%         3
 Teleport Other           Tloc           0%         N/A       94%         3
 Volatile Blastmotes      Fire/Tloc      0%         2d10      94%         3
 Iskenderun's Mystic Bla  Conj/Tloc      0%         2d3       100%        4
 Olgreb's Toxic Radiance  Pois           0%         N/A       100%        4
 Petrify                  Tmut/Erth      0%         N/A       100%        4
 Alistair's Intoxication  Tmut/Pois      0%         N/A       100%        5
 Fireball                 Conj/Fire      0%         3d3       100%        5
 Irradiate                Conj/Tmut      0%         3d11      100%        5
 Lee's Rapid Deconstruct  Erth           0%         3d4*      100%        5
 Bombard                  Conj/Erth      0%         9d1       100%        6
 Dispersal                Tloc           0%         N/A       100%        6
 Eringya's Noxious Bog    Tmut/Pois      0%         4d6       100%        6
 Ozocubu's Refrigeration  Ice            0%         4d7       100%        7
 Ignition                 Fire           0%         3d3       100%        8
 Lehudib's Crystal Spear  Conj/Erth      0%         10d2      100%        8
 Fire Storm               Conj/Fire      0%         5d1       100%        9
 Polar Vortex             Ice            0%         N/A       100%        9
 Shock                    Conj/Air       Unusable   1d3       N/A         1
 Blink                    Tloc           Unusable   N/A       N/A         2
 Call Imp                 Summ           Unusable   N/A       N/A         2
 Cigotuvi's Dreadful Rot  Necr/Pois/Air  Unusable   N/A       N/A         2
 Ensorcelled Hibernation  Hex/Ice        Unusable   N/A       N/A         2
 Jinxbite                 Hex            Unusable   N/A       N/A         2
 Sublimation of Blood     Necr           Unusable   N/A       N/A         2
 Mephitic Cloud           Conj/Pois/Air  Unusable   N/A       N/A         3
 Swiftness                Air            Unusable   N/A       N/A         3
 Tukima's Dance           Hex            Unusable   N/A       N/A         3
 Airstrike                Air            Unusable   2d(0-16)  N/A         4
 Animate Armour           Summ/Erth      Unusable   N/A       N/A         4
 Animate Dead             Necr           Unusable   N/A       N/A         4
 Cause Fear               Hex            Unusable   N/A       N/A         4
 Dimensional Bullseye     Hex/Tloc       Unusable   N/A       N/A         4
 Fulminant Prism          Conj/Hex       Unusable   3d5       N/A         4
 Leda's Liquefaction      Hex/Erth       Unusable   N/A       N/A         4
 Vhi's Electric Charge    Tloc/Air       Unusable   N/A       N/A         4
 Borgnjor's Vile Clutch   Necr/Erth      Unusable   N/A       N/A         5
 Freezing Cloud           Conj/Ice/Air   Unusable   6-21      N/A         5
 Summon Forest            Summ/Tloc      Unusable   N/A       N/A         5
 Conjure Ball Lightning   Conj/Air       Unusable   3x3d6     N/A         6
 Death Channel            Necr           Unusable   N/A       N/A         6
 Simulacrum               Ice/Necr       Unusable   N/A       N/A         6
 Summon Hydra             Summ           Unusable   N/A       N/A         7
 Discord                  Hex            Unusable   N/A       N/A         8
 Dragon's Call            Summ           Unusable   N/A       N/A         9

Dungeon Overview and Level Annotations

Branches:
Dungeon (15/15)            Temple (1/1) D:4            Lair (5/5) D:10
 Shoals (4/4) Lair:3       Spider (4/4) Lair:3        Slime (5/5) Lair:4
    Orc (2/2) D:11            Elf (3/3) Orc:2        Vaults (4/5) D:14
  Crypt (3/3) Vaults:3       Tomb (0/3) Crypt:3      Depths (4/4) D:15
    Zot (5/5) Depths:4      Sewer (visited)          Bailey (visited)
  IceCv (visited)         Volcano (visited)          WizLab (visited)
Gauntlet (visited)

Altars:
Ashenzari
Cheibriados
Dithmenos
Elyvilon
Gozag
Kikubaaqudgha
Makhleb
Nemelex Xobeh
Okawaru
Qazlal
Ru
Sif Muna
Trog
Uskayaw
Vehumet
Wu Jian
Xom
Zin
The Shining One

Shops:
Orc:1 [   Orc:2 *!(=   Shoals:1 *   Shoals:2 *   Vaults:2 ?   Depths:2 [
Depths:4 (

Portals:
Hell: Depths:1 Depths:2 Depths:3 Depths:4
Abyss: Depths:3
Pandemonium: Depths:2 Depths:4
Ziggurat: Depths:3

Annotations:
D:2 Terence
Elf:2 3 runed translucent doors


Innate Abilities, Weirdness & Mutations

You cannot be hasted, slowed, berserked, paralysed or teleported.
You can dig through walls and to a lower floor.
You have a pair of large antennae on your head. (SInv)
You sometimes lose the ability to read scrolls when taking damage.
You are hated by all.
You cannot study or cast Air magic.
You cannot study or cast Hexes magic.
You cannot study or cast Necromancy magic.
You are somewhat unskilled. (-1 Apt)
You are somewhat inexperienced. (-1 XL)
Your four strong arms can wield two-handed weapons with a shield.
You cannot voluntarily change form.
Your body sometimes deteriorates upon taking damage.


Message History

There is a stone staircase leading down here.
A glowing orange brain comes into view.
You can't go up here!
You shoot a bolt.
The bolt hits the glowing orange brain!!!!
You kill the glowing orange brain!
(D) Dungeon (T) Temple (L) Lair (A) Shoals (N) Spider Nest (M) Slime Pits (O) Orcish Mines (E) Elven Halls (V) Vaults (C) Crypt (W) Tomb (U) Depths (H) Hell (Z) Zot
Where to? (Tab/Enter - D:3 @ (x,y), ? - help)
You sense a monster nearby.
You can't go up here!
An Orb Guardian comes into view.
You shoot a bolt. The bolt misses the Orb Guardian.
You shoot a bolt. The bolt hits the Orb Guardian!!
The Orb Guardian is moderately wounded.
You block the Orb Guardian's attack. The Orb Guardian hits you!!
You shoot a bolt. The bolt hits the Orb Guardian!!!!
You kill the Orb Guardian!
There is a stone staircase leading up here.
You climb upwards.
Level annotation: Terence
There is a stone staircase leading down here.
HP restored.
There is a stone staircase leading up here.
You climb upwards.
There is a stone staircase leading down here.
A balrug and a demonspawn warmonger come into view.
The balrug is wielding a +1 demon whip of electrocution.
The demonspawn warmonger is wielding a +5 dire flail and wearing a +3 plate armour of cold resistance.
The balrug shouts!
The demonspawn warmonger moves out of view.
Aiming: Dig
Press: ? - help, Shift-Dir - straight line, f - you Please select a direction to dig.
This square is covered in magical glow.
The rock shatters into small pieces.
The balrug begins to attack, but is stunned by your conviction!
There is a staircase leading out of the dungeon here.
You have escaped!

...##..........#..........(#.....
....##.........####....########..
...#.##........# #....# #.(..
8.8.8.##...##### ##2...# ##..#.
)......######## ##.#########...#.
.......'......###...§§..§)÷....#.
.......#......##....§≈§≈§§§......
8.8.8.##......#....§§§§≈§≈§......
...#.##........#@...§§(>(§≈......
....##........##....≈≈§§≈§≈......
...##.÷.......##.....≈≈≈≈§.....##
#+###'###########..............#
..............##############...##
..............##{{..# ##....
..............#...{.# #....
.)............#.....###########..
..............#...#.........# #..


You could see a balrug.

Vanquished Creatures
  the Royal Jelly (Slime:5)
  3 dread liches
  2 orbs of fire (Zot:5)
  3 ancient liches
  Mennas (Crypt:1)
  Mara (Vaults:2)
  Saint Roka (Elf:3)
  2 Killer Klowns (Zot:5)
  A caustic shrike (Depths:4)
  the Enchantress (Depths:1)
  Nikola (Shoals:2)
  6 golden dragons
  The ghost of Yhaurph the Hoplite, an adept MiFi of Okawaru (Vaults:2)
  The ghost of Katt the Executioner, an adept MiFi of the Shining One (Crypt:1)
  The ghost of Sundig the Slayer, an adept MiFi of Qazlal (Vaults:3)
  The ghost of Tithe the Hoplite, an adept FoFi of Okawaru (Vaults:3)
  Jory (Vaults:2)
  An electric golem (Zot:5)
  A spectral shard shrike (Crypt:3)
  A walking crystal tome (WizLab)
  4 tentacled monstrosities
  Jorgrun (D:15)
  A Hell Sentinel (Zot:5)
  Asterion (Vaults:2)
  8 liches
  25 Orb Guardians
  3 sphinxes
  3 titans (Depths:3)
  16 acid blobs
  A quicksilver dragon (Zot:3)
  3 deep elf master archers
  6 ancient champions
  3 tengu reavers
  A kraken (Shoals:1)
  4 death cobs
  Aizul (Depths:2)
  3 shadow dragons
  Donald (Vaults:1)
  A strange machine (WizLab)
  12 azure jellies
  14 fire giants
  Roxanne (D:15)
  18 storm dragons
  6 rockslimes
  4 revenants
  6 emperor scorpions
  2 draconian monks
  10 frost giants
  Ilsuiw (Shoals:3)
  9 deep elf sorcerers
  A spectral juggernaut (Crypt:3)
  A draconian knight (Zot:4)
  An iron dragon (Depths:3)
  A draconian shifter (Depths:4)
  2 deep elf elementalists (Elf:3)
  A draconian scorcher (Zot:4)
  2 curse skulls (Crypt:1)
  14 vault wardens
  3 draconian annihilators
  11 ghouls
  A cacodemon (Depths:2)
  A draconian stormcaller (Zot:4)
  5 broodmothers
  17 very ugly things
  16 ironbound preservers
  5 orc warlords
  6 ghost moths
  A reaper (Crypt:2)
  9 spriggan defenders
  A war gargoyle (Vaults:3)
  8 quicksilver oozes
  18 ironbound thunderhulks
  5 formless jellyfish
  9 vampire knights
  10 deep elf demonologists (Elf:3)
  15 stone giants
  The ghost of croobank the Covert, a journeyman OpDe of Gozag (Lair:5)
  3 green draconians
  12 deep elf annihilators
  2 spectral titans (Crypt:3)
  5 purple draconians
  The ghost of soul19 the Martial Artist, a journeyman DsFi of Hepliaklqana (D:15)
  11 dire elephants
  2 black draconians
  4 spark wasps
  A minotaur (Gauntlet)
  Azrael (Orc:2)
  9 deep elf death magi
  3 white draconians
  2 red draconians
  6 yellow draconians
  2 blizzard demons (Depths:2)
  10 eidola
  Josephine (Lair:5)
  A spectral quicksilver dragon (Crypt:3)
  2 merfolk javelineers
  15 jiangshi
  7 ettins
  6 entropy weavers
  10 merfolk impalers
  5 deep elf high priests
  3 fire dragons
  11 yaktaur captains
  A spriggan zombie (Crypt:1)
  14 rakshasas
  7 great orbs of eyes
  5 vault guards
  6 spriggan air magi
  A peacekeeper (Vaults:3)
  12 ice dragons
  6 hydras
  A spectral spriggan (Crypt:3)
  6 merfolk avatars
  A catoblepas (Lair:3)
  A jorogumo (Spider:4)
  3 merfolk aquamancers
  3 alligator snapping turtles (Shoals:4)
  2 caustic shrike simulacra
  An Orb Guardian skeleton (Crypt:1)
  6 ironbound frosthearts
  21 dancing weapons
  7 boulder beetles
  11 centaur warriors
  3 radroaches
  5 tengu warriors
  9 deep troll earth magi
  7 satyrs
  A two-headed ogre (D:12)
  6 death knights
  11 deep troll shamans
  11 vampire magi
  A spectral storm dragon (Crypt:3)
  Urug (Lair:2)
  6 demonic crawlers
  6 death yaks
  8 spriggan berserkers
  4 soul eaters
  5 orc high priests
  9 hell knights
  22 skeletal warriors
  2 skysharks
  A spectral death yak (Lair:5)
  10 deep elf knights
  2 sun demons
  15 iron trolls
  A wretched star (Gauntlet)
  6 pharaoh ants
  7 shadow wraiths (Crypt:3)
  A storm dragon zombie (Depths:2)
  A storm dragon skeleton (Depths:2)
  85 deep trolls
  A spectral bunyip (Crypt:3)
  2 sixfirhies (Depths:2)
  A bunyip skeleton (Crypt:2)
  A sun moth (Spider:2)
  A quicksilver dragon simulacrum (Crypt:3)
  A spectral anaconda (Lair:5)
  6 flayed ghosts
  2 shadow demons
  7 orb spiders
  19 phantasmal warriors
  A glowing orange brain (D:3)
  2 spriggan simulacra
  8 lindwurms
  A lindwurm (shapeshifter) (D:14)
  10 sea snakes
  A harpy (shapeshifter) (Elf:3)
  A tengu zombie (Vaults:2)
  2 obsidian statues
  A bog body (Crypt:1)
  16 deep elf zephyrmancers
  23 ironbound convokers
  8 wizards
  Pikel (D:6)
  10 deep elf archers
  4 steelbarb worms
  3 spectral ettins (Crypt:3)
  An orange crystal statue (IceCv)
  15 orc knights
  16 harpies
  A spectral merfolk (Crypt:3)
  13 necromancers
  27 fauns
  An orc sorcerer (Orc:2)
  6 shining eyes
  24 deep elf pyromancers
  21 ugly things
  16 moths of wrath
  An oklob plant (D:6)
  23 wolf spiders
  A wolf spider (shapeshifter) (Depths:2)
  15 manticores
  3 cyclopes
  An alligator skeleton (Crypt:1)
  5 toenail golems (Volcano)
  10 merfolk sirens
  A dire elephant zombie (Lair:5)
  Maurice (Orc:2)
  19 elephants
  A stone giant skeleton (Crypt:2)
  2 titan simulacra
  10 black mambas
  16 vault sentinels
  A spectral alligator snapping turtle (Crypt:3)
  2 rust devils
  An eye of devastation (Slime:5)
  48 slime creatures
  2 orange demons
  An unseen horror (shapeshifter) (Depths:4)
  6 water nymphs
  2 smoke demons (Depths:2)
  9 torpor snails
  A gargoyle (D:15)
  A rime drake (shapeshifter) (Elf:3)
  A hellion (Zot:3)
  2 kobold demonologists
  14 cane toads
  4 unseen horrors (D:11)
  3 efreet
  4 rime drakes
  A swamp worm zombie (Crypt:3)
  9 komodo dragons
  21 freezing wraiths
  5 guardian mummies (Crypt:3)
  7 tengu conjurers
  2 golden dragon simulacra (IceCv)
  42 yaktaurs
  A harpy zombie (Crypt:1)
  A yellow draconian skeleton (Crypt:3)
  2 spectral harpies (Crypt:3)
  A white draconian skeleton (Crypt:2)
  2 red devils
  An ice devil (Depths:4)
  A sea snake skeleton (Crypt:1)
  8 meliai
  23 merfolk
  A hydra zombie (Crypt:1)
  3 hornets
  6 trolls
  7 wind drakes
  2 small abominations (Gauntlet)
  Prince Ribbit (D:6)
  A death drake skeleton (Crypt:1)
  A spectral elephant (Lair:5)
  11 blink frogs
  A harpy skeleton (Crypt:1)
  An iron dragon simulacrum (Crypt:3)
  28 tarantellas
  A frost giant simulacrum (Vaults:2)
  9 dream sheep
  8 snapping turtles
  41 jumping spiders
  13 water elementals
  A spectral black mamba (Crypt:3)
  4 air elementals
  6 spriggans
  4 shadows
  11 wraiths
  31 culicivoras
  A dire elephant simulacrum (IceCv)
  An ettin skeleton (Vaults:2)
  35 yaks
  A black mamba zombie (Crypt:1)
  A vampire (D:13)
  A ynoxinul (Depths:4)
  5 steam dragons
  4 wyverns
  Grum (D:9)
  A chaos spawn (Depths:2)
  5 fire elementals
  3 golden eyes (Slime:5)
  6 basilisks
  8 vampire mosquitoes
  A death yak simulacrum (Lair:5)
  A neqoxec (Depths:4)
  79 redbacks
  2 harpy simulacra (Crypt:1)
  Menkaure (D:7)
  10 wargs
  An acid dragon (D:12)
  A swamp worm (shapeshifter) (D:15)
  A water moccasin (shapeshifter) (Spider:4)
  15 water moccasins
  A hydra simulacrum (IceCv)
  2 floating eyes (Depths:4)
  4 hell hounds
  A water nymph skeleton (Crypt:3)
  A glowing shapeshifter skeleton (Vaults:2)
  4 black bears
  A faun skeleton (Crypt:1)
  50 orc warriors
  4 ice beasts
  4 sky beasts (D:7)
  A cane toad skeleton (Crypt:2)
  4 boggarts (Vaults:1)
  5 ogres
  A swamp dragon skeleton (Crypt:3)
  2 elephant zombies (Lair:5)
  7 centaurs
  A snapping turtle skeleton (Crypt:1)
  21 wolves
  A hog skeleton (Crypt:1)
  A phantom (D:6)
  A lemure (D:6)
  2 elephant skeletons
  Blork the orc (D:6)
  A fire crab zombie (Crypt:2)
  4 kobold brigands
  2 earth elementals
  19 bullfrogs
  7 necrophages
  A scorpion (D:4)
  2 gnoll sergeants
  2 cane toad simulacra (Lair:5)
  15 wights
  14 killer bees
  3 lindwurm simulacra (IceCv)
  A warg skeleton (Crypt:1)
  A raiju skeleton (Crypt:3)
  3 electric eels
  5 howler monkeys
  5 hounds
  8 jellies
  24 orc priests
  Crazy Yiuf (D:6)
  A gnoll bouda (D:6)
  4 sleepcaps
  6 iguanas
  20 orc wizards
  4 hell rats (Lair:3)
  A killer bee zombie (Crypt:3)
  A naga skeleton (Crypt:3)
  7 mummies (Crypt:3)
  24 gnolls
  6 adders
  3 ufetubi
  4 worms (D:4)
  2 dart slugs
  113 orcs
  15 ball pythons
  6 bats
  A bat zombie (Crypt:1)
  27 endoplasms
  8 giant cockroaches
  17 goblins
  12 hobgoblins
  A jackal (D:5)
  29 kobolds
  14 quokkas
  12 frilled lizards
  A hobgoblin skeleton (Crypt:2)
  A hobgoblin zombie (Crypt:1)
  A kobold zombie (Crypt:3)
  An orc skeleton (Crypt:2)
  6 rats
  2 tentacles (Shoals:1)
2438 creatures vanquished.

Vanquished Creatures (collateral kills)
  A black mamba (Lair:4)
  3 dream sheep (Lair:4)
  A water moccasin (Lair:2)
  5 orc warriors (Bailey)
  2 wolves (Lair:2)
  5 gnolls (Bailey)
  3 orcs (Bailey)
  2 goblins (Bailey)
  2 hobgoblins (Bailey)
24 creatures vanquished.

Vanquished Creatures (others)
  A quicksilver dragon (Zot:1)
  A deep elf blademaster (Elf:3)
  A rockslime (Slime:5)
  A frost giant (Vaults:2)
  A vault warden (Vaults:1)
  A stone giant (Depths:2)
  A dire elephant (Lair:5)
  A vampire knight (Depths:4)
  A deep elf annihilator (Elf:3)
  A spriggan zombie (Crypt:1)
  A yaktaur captain (Vaults:2)
  A spriggan air mage (Depths:1)
  An ironbound frostheart (Vaults:3)
  2 dancing weapons
  A deep troll shaman (Depths:4)
  A deep troll earth mage (Depths:3)
  A hell knight (Depths:3)
  A spectral dire elephant (Crypt:3)
  An orc high priest (Orc:2)
  A deep elf knight (Elf:2)
  3 skeletal warriors
  A wizard (Volcano)
  2 harpies (Shoals:2)
  A deep elf pyromancer (Elf:1)
  A faun (Shoals:1)
  A wolf spider (Gauntlet)
  An ugly thing (D:15)
  A cane toad (Lair:1)
  A meliai (Spider:2)
  A merfolk (Lair:3)
  A tarantella (Spider:3)
  2 culicivoras
  A fire elemental (Elf:2)
  2 water moccasins
  An orc warrior (Bailey)
  A centaur (D:9)
  A wolf (Gauntlet)
  An orc (Orc:2)
  7 tentacles (Shoals:1)
51 creatures vanquished.

Grand Total: 2513 creatures vanquished

Notes
Turn   | Place    | Note
-------+----------+-------------------------------------------
     0 | D:1      | questionabletactics the Formicid Hunter began the quest for
                  | the Orb.
     0 | D:1      | Reached XP level 1. HP: 16/16 MP: 1/1
   132 | D:1      | Reached XP level 2. HP: 22/22 MP: 2/2
   653 | D:2      | Reached XP level 3. HP: 27/27 MP: 3/3
   683 | D:2      | Found an ancient bone altar of Kikubaaqudgha.
   982 | D:2      | Reached skill level 5 in Ranged Weapons
  1086 | D:2      | Noticed Terence
  1362 | D:2      | Found a faded altar of an unknown god.
  1452 | D:2      | Prayed at the altar of an unknown god.
  1452 | D:2      | Became a worshipper of Ru the Awakened
  1469 | D:2      | Gained mutation: You cannot voluntarily change form. [Ru
                  | sacrifice]
  1872 | D:3      | Reached XP level 4. HP: 33/33 MP: 4/4
  2050 | D:4      | Found a staircase to the Ecumenical Temple.
  2059 | Temple   | Entered the Ecumenical Temple
  2278 | D:4      | Found a glowing drain.
  2313 | D:4      | Reached XP level 5. HP: 32/38 MP: 5/5
  2325 | Sewer    | Entered a sewer
  2334 | Sewer    | Reached skill level 6 in Ranged Weapons
  3048 | Sewer    | Noticed a bullfrog
  3048 | Sewer    | Noticed a bullfrog
  3060 | Sewer    | Killed a bullfrog
  3060 | Sewer    | Killed a bullfrog
  3061 | Sewer    | Reached skill level 7 in Ranged Weapons
  3061 | Sewer    | Reached XP level 6. HP: 44/44 MP: 6/6
  3702 | D:4      | Gained mutation: You cannot study or cast Air magic. [Ru
                  | sacrifice]
  3702 | D:4      | Gained mutation: You cannot study or cast Hexes magic. [Ru
                  | sacrifice]
  3702 | D:4      | Gained mutation: You cannot study or cast Necromancy magic.
                  | [Ru sacrifice]
  3702 | D:4      | Reached * piety under Ru
  3983 | D:5      | Entered Level 5 of the Dungeon
  4059 | D:5      | Noticed a black bear
  4145 | D:5      | Reached XP level 7. HP: 47/51 MP: 7/7
  4219 | D:5      | Reached skill level 8 in Ranged Weapons
  4370 | D:5      | Reached XP level 8. HP: 51/60 MP: 8/8
  5411 | D:4      | Reached skill level 9 in Ranged Weapons
  6178 | D:6      | Noticed Blork the orc
  6191 | D:6      | Killed Blork the orc
  6192 | D:6      | Reached skill level 1 in Evocations
  6192 | D:6      | Reached XP level 9. HP: 58/65 MP: 9/9
  6373 | D:6      | Reached skill level 10 in Ranged Weapons
  6556 | D:6      | Noticed Pikel
  6561 | D:6      | Killed Pikel
  6663 | D:6      | Found a runed translucent door.
  6664 | D:6      | Noticed Crazy Yiuf
  6726 | D:6      | Noticed Prince Ribbit
  6732 | D:6      | Killed Prince Ribbit
  6733 | D:6      | Reached skill level 11 in Ranged Weapons
  7134 | D:6      | Reached XP level 10. HP: 72/72 MP: 10/10
  7278 | D:6      | Reached skill level 12 in Ranged Weapons
  7286 | D:6      | Gained mutation: You are somewhat unskilled. (-1 Apt) [Ru
                  | sacrifice]
  7286 | D:6      | Reduced skill Ranged Weapons to level 11
  7286 | D:6      | Reached ** piety under Ru
  7334 | D:6      | Noticed an oklob plant
  7519 | D:6      | Identified a scroll of acquirement
  7519 | D:6      | Acquired the +1 pair of boots of Syndicalism {rC+ Int+3}
  7811 | D:7      | Noticed Menkaure
  7813 | D:7      | Killed Menkaure
  7869 | D:7      | Reached skill level 12 in Ranged Weapons
  8608 | D:7      | Reached skill level 5 in Fighting
  8792 | D:8      | Reached skill level 5 in Dodging
  8892 | D:8      | Reached XP level 11. HP: 81/81 MP: 11/11
  9641 | D:8      | Gained mutation: You are somewhat inexperienced. (-1 XL)
                  | [Ru sacrifice]
  9641 | D:8      | Reached XP level 10. HP: 79/79 MP: 10/10
  9641 | D:8      | Reached *** piety under Ru
  9641 | D:8      | Reached **** piety under Ru
  9905 | D:9      | Noticed Grum
  9913 | D:9      | Killed Grum
 10011 | D:9      | Found a flagged portal.
 10019 | Bailey   | Entered a bailey
 10085 | Bailey   | Noticed an orc knight
 10200 | Bailey   | Killed an orc knight
 10379 | Bailey   | Noticed an orc warlord
 10398 | Bailey   | Killed an orc warlord
 10440 | Bailey   | Identified the +6 morningstar "Luefifrel" {freeze, rElec
                  | rCorr Int+4}
 10507 | Bailey   | Reached skill level 13 in Ranged Weapons
 10507 | Bailey   | Reached XP level 11. HP: 81/86 MP: 11/11
 11146 | D:9      | Found a snail-covered altar of Cheibriados.
 11241 | D:10     | Entered Level 10 of the Dungeon
 11329 | D:10     | Reached XP level 12. HP: 92/92 MP: 12/12
 11991 | D:10     | Found a staircase to the Lair.
 12010 | D:10     | Gained mutation: You occasionally lose the ability to read
                  | scrolls when taking damage. [Ru sacrifice]
 12010 | D:10     | Gained mutation: You sometimes lose the ability to read
                  | scrolls when taking damage. [Ru sacrifice]
 12010 | D:10     | Reached ***** piety under Ru
 12408 | Lair:1   | Entered Level 1 of the Lair of Beasts
 12574 | Lair:1   | Reached skill level 5 in Evocations
 12580 | Lair:1   | Reached skill level 10 in Dodging
 13784 | Lair:2   | Reached skill level 14 in Ranged Weapons
 13928 | Lair:2   | Reached XP level 13. HP: 102/102 MP: 13/13
 14081 | Lair:2   | Noticed Urug
 14171 | Lair:2   | Reached skill level 10 in Fighting
 14206 | Lair:2   | Killed Urug
 14848 | Lair:3   | Found a hole to the Spider Nest.
 15003 | Lair:3   | Found a dark tunnel.
 15008 | Volcano  | Entered a volcano
 15256 | Volcano  | Reached skill level 15 in Ranged Weapons
 15419 | Lair:3   | Reached skill level 1 in Armour
 15647 | Lair:3   | Found a staircase to the Shoals.
 16423 | Lair:4   | Acquired the +2 tower shield of the Vacuum {*Corrode Regen+
                  | Dex+3}
 16487 | Lair:4   | Got a clothbound book
 16601 | Lair:4   | Found a viscous altar of Jiyva.
 16601 | Lair:4   | Found a staircase to the Slime Pits.
 16782 | Lair:4   | Reached skill level 1 in Shields
 17223 | Lair:5   | Entered Level 5 of the Lair of Beasts
 17455 | Lair:5   | Acquired 719 gold pieces
 17493 | Lair:5   | Reached XP level 14. HP: 76/113 MP: 10/14
 17543 | Lair:5   | Noticed Josephine
 17553 | Lair:5   | Killed Josephine
 17571 | Lair:5   | Gained mutation: You are hated by all. [Ru sacrifice]
 17571 | Lair:5   | Reached ****** piety under Ru
 17648 | Lair:5   | Reached skill level 5 in Shields
 17902 | Lair:5   | Acquired a manual of Ranged Weapons
 18309 | Lair:5   | Identified the +2 leather armour of Mysticism {Fly rF-
                  | Dex+6}
 19497 | Lair:5   | Found a runed translucent door.
 19501 | Lair:5   | Noticed croobank's ghost (journeyman OpDe)
 20080 | D:11     | Found a staircase to the Orcish Mines.
 20853 | D:12     | Found a gate leading to a gauntlet.
 20869 | Gauntlet | Entered a Gauntlet
 20869 | Gauntlet | Found a transporter.
 20869 | Gauntlet | Found a transporter.
 20873 | Gauntlet | Found a transporter.
 20873 | Gauntlet | Found a transporter.
 20882 | Gauntlet | Found a transporter.
 20901 | Gauntlet | Found a transporter.
 20907 | Gauntlet | Found a large runed translucent door.
 20908 | Gauntlet | Found a large runed translucent door.
 20910 | Gauntlet | Found a runed translucent gate.
 20911 | Gauntlet | Found a transporter.
 20911 | Gauntlet | Found a transporter.
 20911 | Gauntlet | Found a runed translucent gate.
 20912 | Gauntlet | Found a runed translucent gate.
 20914 | Gauntlet | Found a large runed translucent door.
 20915 | Gauntlet | Found a large runed translucent door.
 20927 | Gauntlet | Found a large runed translucent door.
 20927 | Gauntlet | Found a large runed translucent door.
 20928 | Gauntlet | Found a large runed translucent door.
 20928 | Gauntlet | Found a large runed translucent door.
 20935 | Gauntlet | Found a transporter.
 20938 | Gauntlet | Found a large runed translucent door.
 20938 | Gauntlet | Found a large runed translucent door.
 20938 | Gauntlet | Found a runed translucent door.
 20938 | Gauntlet | Found a runed translucent door.
 20939 | Gauntlet | Found a large runed translucent door.
 20940 | Gauntlet | Found a large runed translucent door.
 20942 | Gauntlet | Found a transporter.
 20970 | Gauntlet | Found a transporter.
 21016 | Gauntlet | Found a transporter.
 21034 | Gauntlet | Found a transporter.
 21049 | Gauntlet | Found a large runed translucent door.
 21049 | Gauntlet | Found a large runed translucent door.
 21050 | Gauntlet | Found a large runed translucent door.
 21051 | Gauntlet | Found a large runed translucent door.
 21136 | Gauntlet | Found a transporter.
 21152 | Gauntlet | Found a transporter.
 21164 | Gauntlet | Found a transporter.
 21284 | Gauntlet | Reached skill level 10 in Shields
 21395 | Gauntlet | Identified the +2 helmet "Wuecw" {Will+ Dex+2}
 21438 | Gauntlet | Identified the amulet "Nyhua" {Reflect rN+ Dex+2 SH+5}
 21503 | Gauntlet | Reached XP level 15. HP: 86/93 MP: 6/15
 21548 | Gauntlet | Identified the +1 pair of gloves of Imperfection {Fly rPois
                  | rC-}
 21553 | Gauntlet | Got a yellowed book
 21607 | Gauntlet | Identified the +8 dagger of the Leaping Gnat {pain, rPois}
 21613 | Gauntlet | Identified the +1 leather armour "Puruhum" {Int+3}
 22138 | D:12     | Noticed a frost giant
 22152 | D:12     | Killed a frost giant
 22187 | D:12     | Identified the +4 chain mail of Keankikk {Fly rElec rPois
                  | Int-2}
 22259 | Orc:1    | Entered Level 1 of the Orcish Mines
 22289 | Orc:1    | Found Giuqos's Antique Armour Shoppe.
 22807 | Orc:2    | Entered Level 2 of the Orcish Mines
 22835 | Orc:2    | Found a staircase to the Elven Halls.
 22880 | Orc:2    | Noticed Maurice
 22892 | Orc:2    | Killed Maurice
 23560 | Orc:2    | Reached skill level 16 in Ranged Weapons
 23642 | Orc:2    | Found Uhoiges's Antique Weapon Shop.
 23642 | Orc:2    | Found Qupnecor's Jewellery Shop.
 23643 | Orc:2    | Found Urimauc's General Store.
 23643 | Orc:2    | Found Zegovufy's Distillery.
 23653 | Orc:2    | Bought 2 potions of enlightenment for 120 gold pieces
 23653 | Orc:2    | Bought a potion of resistance for 120 gold pieces
 23653 | Orc:2    | Bought a potion of heal wounds for 60 gold pieces
 23653 | Orc:2    | Bought a potion of heal wounds for 60 gold pieces
 23653 | Orc:2    | Bought a potion of invisibility for 96 gold pieces
 23653 | Orc:2    | Bought a potion of brilliance for 48 gold pieces
 23654 | Orc:2    | Bought the amulet of the Four Winds {rN+ Will+++ Clar} for
                  | 789 gold pieces
 23654 | Orc:2    | Found the amulet of the Four Winds {rN+ Will+++ Clar}
 24308 | D:13     | Identified the +2 shortbow of Truth {flame, Stlth+}
 24544 | D:14     | Reached skill level 5 in Armour
 24872 | D:14     | Reached XP level 16. HP: 118/129 MP: 16/16
 24997 | D:14     | Identified the +10 short sword "Nuhemix" {flame, rF+ Will+
                  | Str-2 Int+2}
 25113 | D:14     | Found a gate to the Vaults.
 25291 | D:15     | Entered Level 15 of the Dungeon
 25478 | D:15     | Noticed Jorgrun
 25486 | D:15     | Killed Jorgrun
 25788 | D:15     | Found a runed translucent gate.
 25788 | D:15     | Found an opulent altar of Gozag.
 25827 | D:15     | Found a runed translucent gate.
 25827 | D:15     | Found a runed translucent gate.
 25828 | D:15     | Noticed soul19's ghost (journeyman DsFi)
 25828 | D:15     | Noticed a tengu reaver
 25838 | D:15     | Identified the +4 pair of boots of Reason {Rampage}
 26010 | D:15     | Found a staircase to the Depths.
 26143 | D:15     | Found a shadowy altar of Dithmenos.
 26306 | D:15     | Noticed Roxanne
 26340 | D:15     | Killed Roxanne
 26554 | D:6      | Killed Crazy Yiuf
 26748 | Shoals:1 | Entered Level 1 of the Shoals
 26829 | Shoals:1 | Noticed a kraken
 26855 | Shoals:1 | Killed a kraken
 26856 | Shoals:1 | Reached skill level 15 in Shields
 27509 | Shoals:1 | Found Ydwunwu's General Store.
 27616 | Shoals:2 | Noticed Nikola
 28256 | Shoals:2 | Found Zifiacs's General Store.
 28264 | Shoals:2 | Bought a scroll of enchant weapon for 142 gold pieces
 28264 | Shoals:2 | Bought a scroll of enchant armour for 142 gold pieces
 28299 | Shoals:2 | Reached skill level 17 in Ranged Weapons
 28299 | Shoals:2 | Reached XP level 17. HP: 87/122 MP: 8/17
 28303 | Shoals:2 | Killed Nikola
 28549 | Shoals:2 | Found the necklace of Bloodlust {Fury *Rage Will++ Int-3
                  | Slay+6}
 28792 | Shoals:2 | Bought a scroll of acquirement for 988 gold pieces
 28795 | Shoals:2 | Acquired 510 gold pieces
 28823 | Shoals:3 | Found a frozen archway.
 28851 | IceCv    | Entered an ice cave
 28892 | IceCv    | Found a transporter.
 28905 | IceCv    | Found a transporter.
 28908 | IceCv    | Identified the +7 dagger of Exquisite Torment {freeze,
                  | Int+2}
 29123 | Shoals:3 | Noticed Ilsuiw
 29132 | Shoals:3 | Killed Ilsuiw
 29368 | Shoals:3 | Reached skill level 18 in Ranged Weapons
 29622 | Shoals:4 | Entered Level 4 of the Shoals
 30502 | Shoals:4 | Reached skill level 19 in Ranged Weapons
 30645 | Shoals:4 | Reached XP level 18. HP: 139/140 MP: 18/18
 30693 | Shoals:4 | Got a barnacled rune of Zot
 31044 | Spider:1 | Entered Level 1 of the Spider Nest
 31271 | Spider:1 | Identified the +9 quarterstaff "Wiuquxt" {heavy, *Noise
                  | Int+3 Dex+4}
 33324 | Spider:2 | Identified the +5 plate armour of Ifenue {rF+}
 33891 | Spider:3 | Reached skill level 15 in Fighting
 34721 | Spider:4 | Entered Level 4 of the Spider Nest
 34891 | Spider:4 | Reached skill level 15 in Dodging
 34898 | Spider:4 | Reached XP level 19. HP: 139/157 MP: 19/19
 35039 | Spider:4 | Identified the +2 helmet "Kitsemocze" {rC- Str+6 Dex+3
                  | SInv}
 36336 | Spider:4 | Got a gossamer rune of Zot
 36659 | Elf:1    | Entered Level 1 of the Elven Halls
 36659 | Elf:1    | Noticed Azrael
 36674 | Orc:2    | Killed Azrael
 37069 | Elf:1    | Got a torn book
 37405 | Elf:1    | Found a huge runed gate.
 37405 | Elf:1    | Found a huge runed gate.
 37405 | Elf:1    | Found a huge runed gate.
 37405 | Elf:1    | Found a huge runed gate.
 37405 | Elf:1    | Found a huge runed gate.
 37407 | Elf:1    | Found a huge runed gate.
 37408 | Elf:1    | Found a huge runed gate.
 37408 | Elf:1    | Found a huge runed gate.
 37408 | Elf:1    | Found a huge runed gate.
 37409 | Elf:1    | Found a huge runed gate.
 37413 | Elf:1    | Found a huge runed gate.
 37413 | Elf:1    | Found a huge runed gate.
 37413 | Elf:1    | Found a huge runed gate.
 37413 | Elf:1    | Found a huge runed gate.
 37413 | Elf:1    | Found a huge runed gate.
 37413 | Elf:1    | Found a huge runed gate.
 37414 | Elf:1    | Found a huge runed gate.
 37425 | Elf:1    | Found a huge runed gate.
 37425 | Elf:1    | Found a huge runed gate.
 37425 | Elf:1    | Found a huge runed gate.
 37425 | Elf:1    | Found a huge runed gate.
 37425 | Elf:1    | Found a huge runed gate.
 37425 | Elf:1    | Found a huge runed gate.
 37426 | Elf:1    | Found a huge runed gate.
 37433 | Elf:1    | Found a huge runed gate.
 37434 | Elf:1    | Found a huge runed gate.
 37444 | Elf:1    | Found a huge runed gate.
 37444 | Elf:1    | Found a huge runed gate.
 37444 | Elf:1    | Found a huge runed gate.
 37444 | Elf:1    | Found a huge runed gate.
 37468 | Elf:1    | Found a huge runed gate.
 37471 | Elf:1    | Found a huge runed gate.
 37472 | Elf:1    | Found a huge runed gate.
 37472 | Elf:1    | Found a huge runed gate.
 37568 | Elf:1    | Found a huge runed gate.
 37575 | Elf:1    | Found a huge runed gate.
 37881 | Elf:2    | Found a radiant altar of Vehumet.
 38340 | Elf:2    | Found a runed translucent gate.
 38340 | Elf:2    | Found a runed translucent gate.
 38340 | Elf:2    | Found a runed translucent gate.
 38553 | Vaults:1 | Entered Level 1 of the Vaults
 38798 | Vaults:1 | Reached XP level 20. HP: 164/164 MP: 20/20
 38954 | Vaults:1 | Noticed Donald
 38962 | Vaults:1 | Killed Donald
 39177 | Vaults:1 | Found a portal to a secret trove of treasure.
 39489 | Vaults:1 | Reached skill level 20 in Ranged Weapons
 39903 | Vaults:2 | Found a transporter.
 39903 | Vaults:2 | Noticed Yhaurph's ghost (adept MiFi)
 39903 | Vaults:2 | Identified the +4 great mace "Bucwiv" {elec, rPois Will+
                  | Dex+3}
 39904 | Vaults:2 | Found a transporter.
 39967 | Vaults:2 | Noticed Jory
 39989 | Vaults:2 | Killed Jory
 40280 | Vaults:2 | Noticed Asterion
 40288 | Vaults:2 | Killed Asterion
 40490 | Vaults:2 | Found Ollec's Magic Scroll Shop.
 40498 | Vaults:2 | Bought a scroll of enchant armour for 135 gold pieces
 40498 | Vaults:2 | Bought a scroll of enchant weapon for 135 gold pieces
 40593 | Vaults:2 | Reached XP level 21. HP: 171/171 MP: 21/21
 41124 | Vaults:3 | Found a runed translucent gate.
 41124 | Vaults:3 | Found a runed translucent gate.
 41124 | Vaults:3 | Found a runed translucent gate.
 41124 | Vaults:3 | Found an ancient bone altar of Kikubaaqudgha.
 41124 | Vaults:3 | Noticed Sundig's ghost (adept MiFi)
 41124 | Vaults:3 | Noticed a dread lich
 41124 | Vaults:3 | Noticed an ancient lich
 41125 | Vaults:3 | Noticed Tithe's ghost (adept FoFi)
 41603 | Vaults:3 | Reached skill level 21 in Ranged Weapons
 41777 | Vaults:3 | Found the +18 shield of the Gong {Loud rN+ Will+ rCorr
                  | EV-5}
 41870 | Vaults:3 | Found a staircase to the Crypt.
 42261 | Vaults:3 | Identified the +8 hand axe of the Elven Halls {freeze,
                  | +Blink rPois rF+}
 43486 | Vaults:4 | Reached XP level 22. HP: 178/178 MP: 22/22
 43926 | Vaults:2 | Noticed Mara
 43928 | Vaults:2 | Noticed questionabletactics's illusion
 44046 | Vaults:2 | Noticed questionabletactics's illusion
 44048 | Vaults:2 | Killed Mara
 44291 | Elf:3    | Entered Level 3 of the Elven Halls
 44428 | Elf:3    | Reached skill level 22 in Ranged Weapons
 44519 | Elf:3    | Found an ancient bone altar of Kikubaaqudgha.
 44597 | Elf:3    | Noticed Saint Roka
 44627 | Elf:3    | Killed Saint Roka
 45026 | Elf:3    | Identified the +3 mace of the Elven Halls {venom, Will++
                  | Stlth-}
 45831 | Elf:3    | Identified the +5 battleaxe of Courage {speed, *Slow Will+
                  | rCorr Str+9}
 45833 | Elf:3    | Identified the ring "Rur Duga" {Ice rPois Dex+3}
 45949 | Elf:3    | Identified the +4 short sword "Petaaj" {heavy, rElec rF-
                  | rCorr Str+2}
 45949 | Elf:3    | Identified the ring of the Priest {rC+ rN+ MP+9 Str+3
                  | Dex+2}
 46813 | Elf:3    | Identified the +2 whip "Ziboes" {drain, rPois Will+ Dex+5}
 46847 | Elf:3    | Identified the amulet of Sopnam {Reflect SH+5 Stlth+}
 46852 | Elf:3    | Identified the amulet of Besutiet {Faith rC+ rCorr Stlth+}
 46868 | Elf:3    | Identified the +6 scale mail of the Salamander {Fly rPois
                  | Stlth+}
 46891 | Elf:3    | Identified the +5 mace "Leodis" {freeze, *Noise +Blink MP+9
                  | Str+2}
 46925 | Elf:3    | Identified the +9 plate armour "Gorip" {Will+ Int+3 Dex-4}
 47531 | Vaults:1 | You paid a toll of a +5 demon whip to enter a treasure
                  | trove
 47532 | Trove    | Entered a treasure trove
 47696 | Depths:1 | Entered Level 1 of the Depths
 47808 | Depths:1 | Found a magical portal.
 47813 | WizLab   | Entered Tukima's Studio
 47845 | WizLab   | Reached XP level 23. HP: 150/174 MP: 23/23
 47870 | WizLab   | Identified the +3 longbow "Fargheoll" {speed, Will+}
 48093 | WizLab   | Identified the +0 chain mail "Qeobic" {Harm rC+ Stlth+}
 48203 | WizLab   | Reached skill level 23 in Ranged Weapons
 48485 | Depths:1 | Noticed the Enchantress
 48604 | Depths:1 | Found an ancient bone altar of Kikubaaqudgha.
 48655 | Depths:1 | Found a white marble altar of Elyvilon.
 48785 | Depths:1 | Killed the Enchantress
 48789 | Depths:1 | Found a gateway to Hell.
 49299 | Depths:2 | Noticed Aizul
 49306 | Depths:2 | Killed Aizul
 49672 | Depths:2 | Reached XP level 24. HP: 197/197 MP: 23/23
 50206 | Depths:2 | Found a one-way gate leading to the halls of Pandemonium.
 50301 | Depths:2 | Found Vurac's Antique Armour Shop.
 50310 | Depths:2 | Bought a polished cloak for 275 gold pieces
 50310 | Depths:2 | Identified the +2 cloak of Fun and Games {rPois rN++ Dex+3}
                  | (You bought it in a shop on level 2 of the Depths)
 50816 | Depths:3 | Reached skill level 24 in Ranged Weapons
 50845 | Depths:3 | Found a flickering gateway to a bazaar.
 50920 | Depths:3 | Reached XP level 25. HP: 146/198 MP: 23/23
 50993 | Bazaar   | Entered a bazaar
 50993 | Bazaar   | Found Xefar's Magic Scroll Shop.
 50993 | Bazaar   | Found Itairuh's Jewellery Boutique.
 50993 | Bazaar   | Found Ryab's Assorted Antiques.
 50993 | Bazaar   | Found Fikegrosh's Book Shop.
 51009 | Bazaar   | Bought a scroll of enchant armour for 105 gold pieces
 51009 | Bazaar   | Bought a scroll of revelation for 105 gold pieces
 51009 | Bazaar   | Bought a scroll of fear for 56 gold pieces
 51015 | Bazaar   | Bought a potion of heal wounds for 120 gold pieces
 51015 | Bazaar   | Bought a potion of heal wounds for 120 gold pieces
 51189 | Depths:3 | Found a one-way gateway to a ziggurat.
 51678 | Depths:3 | Found a one-way gate to the infinite horrors of the Abyss.
 52121 | Depths:4 | Entered Level 4 of the Depths
 52487 | Depths:4 | Found Moecwekiwe's Weapon Shoppe.
 52994 | Depths:4 | Reached skill level 25 in Ranged Weapons
 53669 | Depths:4 | Found a gate to the Realm of Zot.
 53938 | Crypt:1  | Entered Level 1 of the Crypt
 54001 | Crypt:1  | Reached XP level 26. HP: 145/220 MP: 23/23
 54094 | Crypt:1  | Noticed Katt's ghost (adept MiFi)
 54122 | Crypt:1  | Found a runed translucent gate.
 54122 | Crypt:1  | Found a runed translucent gate.
 54122 | Crypt:1  | Found a runed translucent gate.
 54531 | Crypt:1  | Noticed Mennas
 54549 | Crypt:1  | Killed Mennas
 55080 | Crypt:1  | Killed Katt's ghost
 55099 | Crypt:1  | Identified the +0 helmet "Adihinun" {rF+}
 55100 | Crypt:1  | Identified the +2 pair of gloves of Bad Feelings {Regen+
                  | Dex+3}
 55253 | Crypt:2  | Identified the +6 long sword of Malum In Se {elec, *Slow
                  | rF+ rC+ Dex+2}
 55934 | Crypt:3  | Entered Level 3 of the Crypt
 55992 | Crypt:3  | Reached skill level 26 in Ranged Weapons
 56268 | Crypt:3  | Found a staircase to the Tomb.
 56331 | Crypt:3  | Acquired a manual of Dodging
 56880 | Crypt:3  | Found the +9 sword of Zonguldrok {reap}
 57147 | Crypt:3  | Identified the +10 hand axe of Wu Jian {freeze, rPois MP+9
                  | Dex+3 SInv}
 57148 | Crypt:3  | Identified the ring "Ximow" {rC+ rN+}
 57148 | Crypt:3  | Identified the ring "Udimuxzoss" {Fly rElec rN+}
 57148 | Crypt:3  | Identified the ring of Wonder {rElec rPois rN+ Str-4 Dex+3}
 57157 | Crypt:3  | Identified the +3 dagger of Opsowk {flame, rElec}
 57578 | Slime:1  | Entered Level 1 of the Pits of Slime
 57910 | Slime:2  | Reached skill level 27 in Ranged Weapons
 58551 | Slime:5  | Entered Level 5 of the Pits of Slime
 58912 | Slime:5  | Noticed the Royal Jelly
 58940 | Slime:5  | Killed the Royal Jelly
 59300 | Slime:5  | Identified the ring "Pyuhue" {rF+ rN++ Slay+4}
 59885 | Slime:5  | Identified the +3 morningstar of Laceration {freeze, rN+
                  | rCorr}
 59962 | Slime:5  | Identified the staff of Sulphur {rC+ Str+3 Earth}
 59992 | Slime:5  | Got a slimy rune of Zot
 59993 | Slime:5  | Identified the ring "Esouziaf" {rElec EV+5 Int+2}
 60002 | Slime:5  | Gained mutation: Your body sometimes deteriorates upon
                  | taking damage. [a shining eye]
 60953 | Lair:5   | Killed croobank's ghost
 61210 | Vaults:2 | Killed Yhaurph's ghost
 61337 | Vaults:3 | Killed an ancient lich
 61340 | Vaults:3 | Killed a dread lich
 61343 | Vaults:3 | Killed Tithe's ghost
 61348 | Vaults:3 | Killed Sundig's ghost
 61364 | Vaults:3 | Identified the ring of Gozag's Displeasure {rN+ MP+9}
 61372 | Vaults:3 | Identified the +4 pair of gloves "Ynorai" {+Inv rPois Will-
                  | Regen+ Int+6}
 61544 | D:15     | Killed soul19's ghost
 62379 | Zot:1    | Entered Level 1 of the Realm of Zot
 62659 | Zot:5    | Entered Level 5 of the Realm of Zot
 63353 | Zot:5    | Noticed a Killer Klown
 63367 | Zot:5    | Killed a Killer Klown
 63436 | Zot:5    | Noticed an ancient lich
 63440 | Zot:5    | Noticed a dread lich
 63441 | Zot:5    | Killed an ancient lich
 63445 | Zot:5    | Killed a dread lich
 63968 | Zot:5    | Noticed an ancient lich
 63971 | Zot:5    | Killed an ancient lich
 63971 | Zot:5    | Noticed an orb of fire
 63973 | Zot:5    | Noticed an orb of fire
 63976 | Zot:5    | Killed an orb of fire
 63980 | Zot:5    | Noticed a Killer Klown
 63981 | Zot:5    | Noticed a dread lich
 63984 | Zot:5    | Killed an orb of fire
 63985 | Zot:5    | Killed a Killer Klown
 64000 | Zot:5    | Killed a dread lich
 64237 | Zot:5    | Got the Orb of Zot
 64838 | D:$      | Escaped with the Orb!

Illustrated notes

Levels and vault maps discovered:
D:1:      lemuel_arrival_lava_pool, layout_basic, dk_noncrumbling_3
D:2:      layout_loops_ring, basic_altar, ebering_ecumenical_altar_sacrificial,
          uniq_terence
D:3:      layout_rooms, minmay_stone_trees_medium
D:4:      layout_loops_corners, minmay_temple_entry_gardened_gates,
          lightli_sewer_entry_pipes
D:5:      layout_loops_corners, minmay_chambers_of_fives
D:6:      lemuel_slime, layout_basic, minmay_checkerbox, uniq_pikel,
          uniq_crazy_yiuf_cottage, uniq_blork_the_orc, uniq_prince_ribbit1
D:7:      layout_loops_ring, the_hattery, uniq_menkaure
D:8:      nicolae_cairo_tiling, layout_layer_cave
D:9:      layout_loops_ring, mainiacjoe_overflow_alcove_1, enter_bailey_3,
          uniq_grum
D:10:     layout_small_grid, david_lair_generic, minmay_misc_feat_tiny
D:11:     layout_cave_pods, erik_orc_3
D:12:     minmay_shrinking_squares, layout_rooms, gauntlet_entry_generic
D:13:     layout_roguey, chequers_decorated_corner, grunt_decor_one_mirror
D:14:     layout_big_octagon, hellmonk_vaults_attempted_burglary,
          nicolae_figureground_pulse
D:15:     gammafunk_enter_depths_forms, layout_basic, grunt_dithmenos_shadows,
          ebering_ghost_gozag, uniq_jorgrun, uniq_roxanne
Temple:   nicolae_temple_the_god_donut
Lair:1:   layout_roguey, minmay_shattered_shrine
Lair:2:   layout_long_grid, grunt_forest_small_clearing_treed,
          wad_woods_river_01, uniq_urug
Lair:3:   layout_gridlike, elwin_shoals_entry_stream,
          nicolae_spider_entry_tight_spaces, enter_volcano_1
Lair:4:   layout_regular_city, dpeg_slime_entry_enclosed
Lair:5:   due_jungle_book, layout_gridlike, ebering_ghost_inner_flame,
          uniq_josephine
Shoals:1: layout_shoals, nicolae_take_the_stairs,
          nicolae_shoals_kraken_intersection
Shoals:2: layout_shoals, serial_shops, shop, uniq_nikola
Shoals:3: layout_shoals, portal_ice_cave_entry_pillars_four, uniq_ilsuiw
Shoals:4: shoals_end_grunt_garden, layout_shoals, nicolae_shoals_cliffside_cave
Spider:1: layout_cave_pods, drop_trap
Spider:2: layout_spider_delve
Spider:3: layout_cave_pods, nicolae_spider_scorpion_nest
Spider:4: grunt_spider_rune_parallel, hellmonk_deceptive_appearances
Slime:1:  layout_caves
Slime:2:  layout_caves
Slime:3:  layout_caves, basic_altar
Slime:4:  layout_caves
Slime:5:  slime_pit_nicolae_inversion
Orc:1:    layout_caves, serial_shops, nicolae_shop_advertising_works
          [nicolae_subvault_shop_adworks]
Orc:2:    st_orc_pillars, layout_diamond_mine, basic_altar, mines1_david,
          uniq_maurice
Elf:1:    minmay_elf_arrival_plus, layout_onion_city, minmay_elf_sorcery,
          ebering_dispersal_statue_hall, amethyst_killhole, door_vault,
          uniq_azrael
Elf:2:    elven_hall_of_blades_hangedman_original [nicolae_blade_bullseye],
          layout_geoelf_diagonals, basic_altar
Elf:3:    minmay_elf_hall_hex, layout_geoelf_octagon, basic_altar,
          uniq_saint_roka
Vaults:1: nicolae_vaults_little_squares_2, ontoclasm_vaults_twist, v_pattern_2,
          nicolae_vaults_specimen_jars, nicolae_vaults_house_3,
          nicolae_vaults_offset_grid_hallway_4, nicolae_vaults_little_squares_3,
          dpeg_vaults_monster_box, nicolae_vaults_trapezoid_3,
          layout_vaults_chaotic_city, nicolae_trove_entry_crossroad, uniq_donald
Vaults:2: gammafunk_ghost_smash, nicolae_vaults_heart-shaped_vault,
          nicolae_vaults_hexular_roomagon, nicolae_vaults_trapezoid_lopsided_3,
          nicolae_vaults_little_squares_1, v_misc_10, v_alt_pattern_1,
          nicolae_vaults_offset_grid_hallway_1, hangedman_vaults_corner,
          ontoclasm_vaults_spin, nicolae_vaults_wine_cellar,
          vaults_mumra_minichess, nicolae_vaults_apartment_2,
          layout_vaults_omnicross, serial_shops, shop, uniq_mara, uniq_jory,
          uniq_asterion
Vaults:3: gammafunk_ghost_crypt, hangedman_vaults_locks,
          minmay_crypt_entry_simple_walls, nicolae_vaults_two_Ls,
          nicolae_vaults_closet_pinwheel_6, hellmonk_guarded_unrand_gong,
          ontoclasm_vaults_ring_square, nicolae_vaults_little_squares_1,
          hangedman_vaults_stretched_pinwheel, vaults_dpeg_encased_lava,
          hangedman_vaults_river_flow, nicolae_vaults_alarming,
          nicolae_vaults_asterisk, nicolae_vaults_weapon_check,
          nicolae_vaults_tetromino_L_1, layout_vaults_omnibox
Vaults:4: v_misc_10, v_alt_pattern_4, nicolae_vaults_little_ls,
          nicolae_vaults_trapezoid_lopsided_3, grunt_vaults_focal,
          nicolae_vaults_closet_pinwheel_3, nicolae_vaults_trapezoid_2,
          nicolae_vaults_lightning_bolt, vaults_room_hallway,
          hangedman_vaults_cutoff, nicolae_vaults_double_plus_1,
          nicolae_vaults_closet_pinwheel_5, v_misc_30, layout_vaults_maze_bifur
Crypt:1:  layout_gridlike, gammafunk_ghost_split, grunt_ministairs_6,
          minivault_4, minivault_23, uniq_mennas
Crypt:2:  layout_gridlike
Crypt:3:  due_elkab, layout_chaotic_city, nicolae_tomb_entry_grand_gallery
Depths:1: layout_cave_shapes, hell_entry, infiniplex_enter_wizlab_spiral,
          nicolae_kikubaaqudgha_miasma_corner, minmay_misc_feat_four_crosses,
          elyvilon_altar_5, grunt_megastairs_2, uniq_enchantress
Depths:2: minmay_inside_and_out, layout_cave_shapes, grunt_hell_entry_dis_mu,
          serial_shops, nicolae_shop_back_alley_shop, rand_demon_pan_entry_9,
          minmay_misc_feat_hallway, uniq_aizul
Depths:3: grunt_house_of_mirrors, layout_small_grid, enter_ziggurat_a,
          serial_shops, bzr_entry_water, abyss_entry_small_statue_room,
          hell_entry, minivault_10, water_boxes_lemuel
Depths:4: grunt_zot_entry_gee_three, layout_cave_shapes, serial_shops,
          nicolae_shop_tiny_glass, hell_entry, serial_bayou_pond_d,
          grunt_pan_entry_in_and_out, onia_ninara_cookie
Zot:1:    layout_cellular_growth, gammafunk_ghost_ooze
Zot:2:    gammafunk_its_a_trap, layout_cathedral_of_symmetry, uniq_josephina
Zot:3:    gammafunk_mikee_crab_dinner, layout_cathedral_of_symmetry
Zot:4:    layout_misc_corridors
Zot:5:    layout_basic

Skill      XL: |  1  2  3  4  5  6  7  8  9 10 11 12 13 14 15 16 17 18 19 20 21 22 23 24 25 26 |
---------------+-------------------------------------------------------------------------------+-----
Ranged Weapons | 5 7 8 9 11 13 14 15 16 17 19 20 21 22 23 24 25 27 | 27.0
Fighting       | 4 8 7 9 11 12 13 15 16 18 20 22 | 22.7
Dodging        | 2 4 9 6 10 11 12 13 15 16 17 18 19 23 | 23.9
Evocations     | 1 4 3 7 |  7.8
Armour         | 3 6 |  6.4
Shields        | 3 10 13 16 17 19 | 19.7
Stealth        | |  1.1

Action                     |  1- 3 |  4- 6 |  7- 9 | 10-12 | 13-15 | 16-18 | 19-21 | 22-24 | 25-27 || total
---------------------------+-------+-------+-------+-------+-------+-------+-------+-------+-------++-------
  Melee: Morningstar       |       |       |       |       |       |     3 |       |       |       ||     3
   Fire: Shortbow          |    99 |   274 |   321 |   856 |  1013 |       |       |       |       ||  2563
         Orcbow            |       |       |       |       |   602 |   540 |       |       |       ||  1142
         Arbalest          |       |       |       |       |       |   141 |       |       |       ||   141
         Hand cannon       |       |       |       |       |       |   796 |  1320 |   350 |       ||  2466
         Longbow           |       |       |       |       |       |       |       |   637 |  1148 ||  1785
         Triple crossbow   |       |       |       |       |       |       |       |       |   593 ||   593
  Throw: Dart              |       |       |       |     1 |    17 |     2 |       |       |       ||    20
 Invoke: Sacrifice Forms   |     1 |       |       |       |       |       |       |       |       ||     1
         Sacrifice Arcana  |       |     1 |       |       |       |       |       |       |       ||     1
         Sacrifice Experie |       |       |       |     1 |       |       |       |       |       ||     1
         Sacrifice Skill   |       |       |       |     1 |       |       |       |       |       ||     1
         Sacrifice Words   |       |       |       |     1 |       |       |       |       |       ||     1
         Draw Out Power    |       |       |       |       |     9 |     3 |     1 |       |     1 ||    14
         Reject Sacrifices |       |       |       |       |     1 |       |       |       |       ||     1
         Apocalypse        |       |       |       |       |     2 |     5 |     2 |     3 |     6 ||    18
         Sacrifice Love    |       |       |       |       |     1 |       |       |       |       ||     1
Ability: Dig               |     2 |       |       |       |     2 |     2 |       |     2 |     3 ||    11
  Evoke: Lightning rod     |       |     2 |     9 |     4 |     3 |       |       |       |       ||    18
         Wand              |       |       |     2 |     6 |     8 |     4 |     9 |     7 |    16 ||    52
         Phantom mirror    |       |       |       |       |     2 |       |       |       |       ||     2
    Use: Scroll            |       |     4 |     3 |    11 |    12 |     8 |       |     2 |    13 ||    53
         Potion            |       |       |       |     1 |       |     3 |     1 |     2 |     2 ||     9
   Stab: Distracted        |       |       |       |       |       |     1 |       |       |       ||     1
 Armour: Leather armour    |    16 |    75 |    96 |       |       |       |       |       |       ||   187
         Steam dragon scal |       |       |     5 |    79 |       |       |       |       |       ||    84
         Troll leather arm |       |       |       |    91 |    41 |       |       |       |       ||   132
         Ring mail         |       |       |       |       |   296 |   225 |   180 |    58 |       ||   759
         Robe              |       |       |       |       |     4 |       |       |       |       ||     4
         Acid dragon scale |       |       |       |       |       |       |       |    60 |   152 ||   212
  Dodge: Dodged            |    23 |   119 |   112 |   344 |   564 |   393 |   403 |   241 |   387 ||  2586
  Block: Tower shield      |       |       |       |       |   419 |   987 |   954 |   456 |   649 ||  3465
         Reflection        |       |       |       |       |    22 |       |       |       |       ||    22

Table legend: (Time is in decaauts)
 A = Elapsed time spent in this place.
 B = Non-inter-level travel time spent in this place.
 C = Inter-level travel time spent in this place.
 D = Time resting spent in this place.
 E = Time spent auto-exploring this place.
 F = Levels seen in this place.
 G = Mean time per level.
                   A        B        C        D        E       F      G
               +--------+--------+--------+--------+--------+-----+--------+
         Total |  66000 |  59965 |   6035 |  13156 |  28538 |  63 | 1047.6 |
       Dungeon |  17391 |  14873 |   2518 |   2089 |   8439 |  15 | 1159.4 |
        Temple |      1 |      1 |      0 |      0 |      0 |   1 |    1.0 |
          Lair |   7902 |   6968 |    934 |   1288 |   3443 |   5 | 1580.4 |
        Shoals |   4541 |   4241 |    300 |   1171 |   1876 |   4 | 1135.2 |
   Spider Nest |   5618 |   5408 |    210 |   1481 |   2635 |   4 | 1404.5 |
    Slime Pits |   2839 |   2732 |    107 |   1222 |   1016 |   5 |  567.8 |
  Orcish Mines |   1911 |   1494 |    417 |    140 |    761 |   2 |  955.5 |
   Elven Halls |   5281 |   5060 |    221 |   2195 |   1780 |   3 | 1760.3 |
        Vaults |   6253 |   5710 |    543 |    713 |   3233 |   4 | 1563.2 |
         Crypt |   3211 |   3079 |    132 |    202 |   1842 |   3 | 1070.3 |
        Depths |   5541 |   4966 |    575 |    525 |   3018 |   4 | 1385.2 |
           Zot |   2154 |   2078 |     76 |   1205 |      0 |   5 |  430.8 |
        Bazaar |     26 |     26 |      0 |      0 |     18 |   1 |   26.0 |
         Trove |     39 |     39 |      0 |      0 |      0 |   1 |   39.0 |
         Sewer |   1040 |   1040 |      0 |    445 |    158 |   1 | 1040.0 |
        Bailey |    570 |    570 |      0 |    110 |     15 |   1 |  570.0 |
      Ice Cave |    134 |    134 |      0 |     38 |      0 |   1 |  134.0 |
       Volcano |    369 |    369 |      0 |     39 |      0 |   1 |  369.0 |
        Wizlab |    399 |    399 |      0 |    151 |     24 |   1 |  399.0 |
      Gauntlet |    771 |    771 |      0 |    136 |    278 |   1 |  771.0 |
               +--------+--------+--------+--------+--------+-----+--------+

Top non-repeatable levels by time:
   Elf:3: 3086 daAuts
  Lair:5: 2633 daAuts
Vaults:3: 2080 daAuts
     D:6: 2059 daAuts
Spider:4: 1665 daAuts
Spider:2: 1652 daAuts
    D:15: 1623 daAuts
 Slime:5: 1613 daAuts
Depths:4: 1592 daAuts
Vaults:2: 1569 daAuts
Vaults:1: 1527 daAuts
     D:4: 1517 daAuts
  Lair:3: 1507 daAuts
   Elf:1: 1505 daAuts
  Lair:1: 1496 daAuts
